 Dungeon Crawl Stone Soup version 0.22.1-2-g9c5b331 (webtiles) character file.

48 havocjr2 the Conjurer (level 3, 0/17 HPs)
             Began as a Vine Stalker Conjurer on Dec 6, 2018.
             Killed from afar by an orc wizard (5 damage)
             ... with a puff of frost
             ... on level 2 of the Dungeon.
             The game lasted 00:11:56 (1757 turns).

havocjr2 the Conjurer (Vine Stalker Conjurer)       Turns: 1757, Time: 00:11:57

Health: 0/17       AC:  3    Str: 10    XL:     3   Next: 72%
Magic:  0/7        EV: 12    Int: 16    God:
Gold:   68         SH:  0    Dex: 14    Spells: 3/6 levels left

rFire    . . .     SeeInvis .   b - +0 short sword (venom)
rCold    . . .     Gourm    .   (no shield)
rNeg     . . .     Faith    .   a - +0 robe
rPois    .         Spirit   +   (no helmet)
rElec    .         Reflect  .   e - +0 cloak
rCorr    .         Harm     .   (no gloves)
MR       .....                  (no boots)
Stlth    ++........             (no amulet)
HPRegen  0.05/turn              (no ring)
MPRegen  0.10/turn              (no ring)

@: no status effects
A: fangs 2, magic shield, antimagic bite, no potion heal 3, rot immunity
a: no special abilities


You were on level 2 of the Dungeon.
You were not hungry.

You visited 1 branch of the dungeon, and saw 2 of its levels.

You collected 68 gold pieces.

Inventory:

Hand Weapons
 b - a +0 short sword of venom (weapon)
Missiles
 i - 4 tomahawks (quivered)
Armour
 a - a +0 robe (worn)
 e - a +0 cloak (worn)
Scrolls
 d - a scroll of noise {unknown}
 g - 6 scrolls of remove curse
Potions
 h - 2 potions of curing {unknown}
 j - a potion of might {unknown}
Comestibles
 c - 2 rations
 f - 3 chunks of flesh


   Skills:
 + Level 0.3 Fighting
 + Level 0.2 Short Blades
 + Level 1.9 Dodging
 + Level 2.7 Stealth
 + Level 2.4 Spellcasting
 + Level 4.7 Conjurations


You had 3 spell levels left.
You knew the following spells:

 Your Spells              Type           Power        Failure   Level  Hunger
a - Magic Dart            Conj           ###.         2%          1    #......
b - Searing Ray           Conj           ###...       4%          2    ###....

Your spell library contained the following spells:

 Spells                   Type           Power        Failure   Level  Hunger
 Dazzling Spray           Conj/Hex       #.....       22%         3    ###....
 Iskenderun's Mystic Bla  Conj           ###.....     28%         4    #####..
 Force Lance              Conj/Tloc      #.......     58%         4    #####..
 Fulminant Prism          Conj/Hex       #.........   58%         4    #####..


Dungeon Overview and Level Annotations

Branches:
Dungeon (2/15)

Altars:
Elyvilon


Innate Abilities, Weirdness & Mutations

You have extremely sharp teeth.
When hurt, damage is shared between your health and your magic reserves.
Your bite disrupts and absorbs the magic of your enemies.
Potions cannot restore your health.
You are immune to rotting.


Message History

You hit the orc wizard but do no damage.
The orc wizard is poisoned.
The orc wizard is moderately wounded.
The orc hits you with a dagger.
The orc wizard points at you and mumbles some strange words.
The magic dart hits you!
* * * LOW HITPOINT WARNING * * *
You closely miss the orc. Your bite misses the orc.
The orc wizard casts a spell.
The orc wizard seems to speed up.
The orc closely misses you.
You closely miss the orc. Your bite misses the orc. You hit the orc wizard.
The orc wizard is heavily wounded.
The orc wizard closely misses you. The orc wizard hits you with a dagger.
* * * LOW HITPOINT WARNING * * *
Your movement speed is average.
Your attack speed is average.
Unknown command.
The orc wizard casts a spell at you. The puff of frost hits you!
You die...

#.# #...........#....# #.#
##.##.......#....#
###.#####...#.......#....#
#.......#.8.#.#######....#
#.#######...### #....# #.#
##.## ###### #.# #.#
#.##### ##.## #####
#.#...###..@###...###
#...8....._..oo.8.)†#
###...###...###...#......
##### ##.## ##### #....
#.# ... # #.# . + ... #
.8.


You could see an orc wizard and an orc.

Vanquished Creatures
  A worm (D:2)
  2 dart slugs
  2 leopard geckos (D:2)
  An orc (D:2)
  2 giant cockroaches (D:2)
  2 goblins (D:1)
  6 hobgoblins
  4 jackals (D:1)
  A quokka (D:2)
  5 bats
  3 frilled lizards
  4 kobolds
  4 rats
37 creatures vanquished.

Notes
Turn   | Place    | Note
-------+----------+-------------------------------------------
     0 | D:1      | havocjr2 the Vine Stalker Conjurer began the quest for the
                  | Orb.
     0 | D:1      | Reached XP level 1. HP: 9/9 MP: 4/4
   311 | D:1      | Reached XP level 2. HP: 7/13 MP: 3/6
  1220 | D:2      | Reached XP level 3. HP: 17/17 MP: 3/7
  1264 | D:2      | Learned a level 2 spell: Searing Ray
  1500 | D:2      | Found a white marble altar of Elyvilon.
  1757 | D:2      | Killed from afar by an orc wizard

Action                   || total
-------------------------++-------
Melee: Short sword       ||    52
       Bite              ||    17
 Cast: Magic Dart        ||    30
       Searing Ray       ||     2
  Use: Scroll            ||     4
 Stab: Sleeping          ||     2
  Eat: Chunk             ||     3
Armor: Robe              ||     2
Dodge: Dodged            ||    22
